 Dungeon Crawl Stone Soup version 0.28.0-43-g3370ac3207 (webtiles) character file.

Game seed: 12034164258653447396

51 Arcadio the Shooter (level 4, 0/28 HPs)
             Began as a Kobold Hunter on Mar 3, 2022.
             Slain by a goblin
             ... wielding a +0 club
             ... led by Robin
              (5 damage)
             ... on level 2 of the Dungeon.
             The game lasted 00:02:33 (1536 turns).

Arcadio the Shooter (Kobold Hunter)                 Turns: 1536, Time: 00:02:33

Health: 0/28       AC:  4    Str: 11    XL:     4   Next: 5%
Magic:  4/4        EV: 15    Int: 12    God:
Gold:   52         SH:  0    Dex: 15    Spells: 3/3 levels left

rFire   . . .      SeeInvis .   b - +0 short sword
rCold   . . .      Faith    .   (no shield)
rNeg    . . .      Spirit   .   c - +0 leather armour
rPois   .          Reflect  .   (no helmet)
rElec   .          Harm     .   (no cloak)
rCorr   .          Rampage  .   f - +0 pair of gloves
Will    .....                   (no boots)
Stlth   +++.......              (no amulet)
HPRegen 0.09/turn               (no ring)
MPRegen 0.09/turn               (no ring)

@: lethally poisoned (0 -> -7)
A: small, no large weapons, nightstalker 3
a: no special abilities


You were on level 2 of the Dungeon.
You visited 1 branch of the dungeon, and saw 2 of its levels.

You collected 52 gold pieces.

Inventory:

Hand Weapons
 a - a +1 shortbow
 b - a +0 short sword (weapon)
Missiles
 d - 43 arrows
Armour
 c - a +0 leather armour (worn)
 f - a +0 pair of gloves (worn)
Jewellery
 e - a +6 ring of dexterity
Scrolls
 g - a scroll of noise {unknown}
 h - a scroll of amnesia {unknown}
Potions
 i - 5 potions of curing {unknown}


   Skills:
 + Level 3.1 Fighting
 + Level 4.4 Bows
 + Level 3.4 Dodging
 - Level 1.3 Stealth


You had 3 spell levels left.
You didn't know any spells.
Your spell library contained the following spells:

 Spells                   Type           Power      Damage    Failure   Level
 Petrify                  Tmut/Erth      0%         N/A       99%         4
 Metabolic Englaciation   Hex/Ice        0%         N/A       100%        5
 Statue Form              Tmut/Erth      0%         N/A       100%        6


Dungeon Overview and Level Annotations

Branches:
Dungeon (2/15)

Altars:

Annotations:
D:2 Robin


Innate Abilities, Weirdness & Mutations

You are small and have problems with some larger weapons.
You are completely attuned to the shadows.


Message History

You have reached level 4!
The goblin shouts!
You hit the hobgoblin.
You kill the hobgoblin!
You hear a shout! x3
The hobgoblin hits you.
You hit the hobgoblin but do no damage.
The hobgoblin hits you but does no damage.
You barely miss the hobgoblin.
The hobgoblin hits you but does no damage.
You closely miss the hobgoblin. The hobgoblin misses you.
You closely miss the hobgoblin. The hobgoblin closely misses you.
You hit the hobgoblin but do no damage. The hobgoblin closely misses you.
You hit the hobgoblin.
The hobgoblin is moderately wounded.
The hobgoblin hits you.
You hit the hobgoblin but do no damage.
The hobgoblin is moderately wounded.
Robin roars a battlecry!
The goblins go into a battle-frenzy!
The hobgoblin hits you.
You hear a shout! x2
You hit the hobgoblin.
You kill the hobgoblin!
Robin roars a battlecry!
You hear a shout!
You completely miss the goblin. Robin throws the goblin at you!
The goblin barely misses you. The goblin hits you with a +0 club.
You hit the goblin.
The goblin is moderately wounded.
The goblin hits you with a +0 dagger of venom.
* * * LOW HITPOINT WARNING * * *
You are lethally poisoned!
A goblin comes into view. It is wielding a +0 club.
The goblin barely misses you.
You closely miss the goblin.
* * * LOW HITPOINT WARNING * * *
You feel very sick. The goblin closely misses you.
The goblin hits you with a +0 club.
You die...

......#.#
......#.#
......#.######
......#......#
......######.#
.....(# #.#
#.# #.########
#...g@ggg#
########g#
gg......#
gg...####
######


You could see Robin and 4 goblins.

Vanquished Creatures
  An adder (D:2)
  A dart slug (D:1)
  6 ball pythons
  2 endoplasms
  2 giant cockroaches (D:1)
  7 goblins
  3 hobgoblins (D:2)
  2 kobolds (D:1)
  2 quokkas (D:1)
  2 bats (D:1)
  5 frilled lizards (D:1)
  3 rats (D:1)
36 creatures vanquished.

Notes
Turn   | Place    | Note
-------+----------+-------------------------------------------
     0 | D:1      | Arcadio the Kobold Hunter began the quest for the Orb.
     0 | D:1      | Reached XP level 1. HP: 12/12 MP: 1/1
    89 | D:1      | Found a faded altar of an unknown god.
   132 | D:1      | Reached XP level 2. HP: 18/18 MP: 2/2
   425 | D:1      | Reached XP level 3. HP: 22/22 MP: 3/3
  1512 | D:2      | Noticed Robin
  1525 | D:2      | Reached XP level 4. HP: 22/28 MP: 4/4
  1536 | D:2      | Slain by a goblin

Illustrated notes

Levels and vault maps discovered:
D:1:      kennysheep_arrival_seaside, layout_basic,
          shapermc_ecumenical_altar_notcrosses, due_unseen_surprise
D:2:      layout_basic, uniq_robin

Skill      XL: |  1  2  3 |
---------------+----------+-----
Dodging        | 3 |  3.4
Fighting       | 3 |  3.1
Bows           | |  4.4
Stealth        | |  1.3

Action                   |  1- 3 |  4- 6 || total
-------------------------+-------+-------++-------
Melee: Short sword       |   120 |    12 ||   132
       Punch             |     2 |       ||     2
 Stab: Sleeping          |    19 |       ||    19
Armor: Leather armour    |    31 |     2 ||    33
Dodge: Dodged            |    81 |     6 ||    87
